 Dungeon Crawl Stone Soup version 0.20-a0-256-gabb291d (webtiles) character file.

642 KristoblXynda the Stinger (level 7, 0/50 HPs)
             Began as a Grey Draconian Venom Mage on Dec 2, 2016.
             Was an Initiate of Vehumet.
             Succumbed to a scorpion's poison
             ... on level 4 of the Dungeon.
             The game lasted 00:11:49 (5290 turns).

KristoblXynda the Stinger (DrVM)                    Turns: 5290, Time: 00:11:50

Health: 0/50       AC: 14    Str: 11    XL:     7   Next: 26%
Magic:  10/13      EV: 12    Int: 17    God:    Vehumet [......]
Gold:   207        SH:  0    Dex: 11    Spells: 11/15 levels left

rFire  . . .     SeeInvis .       - Unarmed
rCold  . . .     Gourm    .     (armour unavailable)
rNeg   . . .     Faith    .     (no shield)
rPois  .         Spirit   .     (helmet restricted)
rElec  .         Reflect  .     e - +1 cloak
rCorr  .         Harm     .     m - +0 pair of gloves
MR     +....                    (no boots)
Stlth  +++.......               (no amulet)
                                h - ring of protection from magic
                                g - ring of stealth

@: lethally poisoned (0 -> -5)
A: walk through water, unfitting armour, antennae 1, big wings, talons 2, blink,
blurry vision 1, deterioration 1, unbreathing, cold-blooded, AC +11
a: Fly, Blink, Renounce Religion


You were on level 4 of the Dungeon.
You worshipped Vehumet.
Vehumet was noncommittal.
You were full.

You visited 2 branches of the dungeon, and saw 6 of its levels.

You collected 207 gold pieces.

Inventory:

Missiles
 f - 8 silver javelins (quivered)
Armour
 e - a +1 cloak (worn)
 k - a +0 buckler
 m - a +0 pair of gloves (worn)
Jewellery
 g - a ring of stealth (left hand)
 h - a ring of protection from magic (right hand)
 o - an uncursed ring of positive energy
Wands
 j - a wand of teleportation (5/9)
Scrolls
 c - 2 scrolls of remove curse
 d - 2 scrolls of identify
Books
 a - a Young Poisoner's Handbook

   Spells                             Type                      Level
   a - Sting                          Conjuration/Poison           1
   b - Mephitic Cloud                 Conjuration/Poison/Air       3
   c - Olgreb's Toxic Radiance        Poison                       4
   d - Alistair's Intoxication        Transmutation/Poison         5
   e - Venom Bolt                     Conjuration/Poison           5
 n - a book of Conjurations

   Spells                             Type                      Level
   a - Magic Dart                     Conjuration                  1
   b - Searing Ray                    Conjuration                  2
   c - Dazzling Spray                 Conjuration/Hexes            3
   d - Fulminant Prism                Conjuration/Hexes            4
   e - Iskenderun's Mystic Blast      Conjuration                  4
   f - Iskenderun's Battlesphere      Conjuration/Charms           5
Comestibles
 b - 2 bread rations
 i - a meat ration
 l - a beef jerky
 p - a chunk of flesh


   Skills:
 - Level 1.7 Dodging
 - Level 1.7 Stealth
 + Level 3.3 Unarmed Combat
 + Level 4.6 Spellcasting
 + Level 4.1 Conjurations
 - Level 5.0 Poison Magic


You had 11 spell levels left.
You knew the following spells:

 Your Spells              Type           Power        Failure   Level  Hunger
a - Sting                 Conj/Pois      ###.         2%          1    None
b - Mephitic Cloud        Conj/Pois/Air  ##......     14%         3    ###....


Dungeon Overview and Level Annotations

Branches:
Dungeon (5/15)             Temple (1/1) D:4

Altars:
Ashenzari
Cheibriados
Dithmenos
Elyvilon
Fedhas
Gozag
Hepliaklqana
Kikubaaqudgha
Makhleb
Nemelex Xobeh
Okawaru
Qazlal
Ru
Sif Muna
Trog
Uskayaw
Vehumet
Xom
Yredelemnul
Zin
The Shining One

Shops:
D:4 }

Annotations:
D:2 Sigmund


Innate Abilities, Weirdness & Mutations

You can walk through water.
Your dull iron-grey scales are very hard. (AC +11)
You cannot fit into any form of body armour.
You can survive without breathing.
You are cold-blooded and may be slowed by cold attacks.
You have a pair of small antennae on your head.
Your large and strong wings let you fly indefinitely.
You have razor-sharp toenails.
You can translocate small distances at will.
Scrolls take you a little longer to read.
Your body sometimes deteriorates upon taking damage.


Message History

Unknown command.
You start eating one of the 2 meat rations.
Keep eating?
* * * LOW HITPOINT WARNING * * *
You feel sick.
You continue eating.
* * * LOW HITPOINT WARNING * * *
You feel sick.
You continue eating.
* * * LOW HITPOINT WARNING * * *
You feel sick.
You finish eating.
That meat ration really hit the spot!
There is a lethal amount of poison in your body!
There is a lethal amount of poison in your body!
There is a lethal amount of poison in your body!
There is a lethal amount of poison in your body!
Unknown command.
* * * LOW HITPOINT WARNING * * *
You feel sick.
You die...

#.......# ##
#.......# #.......#
#.......# #.......#
#'# ## #.#
############ #.
#.###...#......###.
#.@.#+#.'..........
###.'∩'.#).....###.
###+#.#......# #.
.)#......# #[
####......# #.
######## #. ##


There were no monsters in sight!

Vanquished Creatures
  Edmund (D:4)
  The ghost of nubinia the Stinger, an amateur TeVM (D:3)
  A scorpion (D:4)
  A howler monkey (D:4)
  3 orc priests
  2 orc wizards (D:4)
  Ijyb (D:3)
  Terence (D:3)
  An adder (D:2)
  An ooze (D:1)
  An adder skeleton (D:4)
  4 worms
  A dart slug (D:2)
  2 leopard geckos (D:2)
  13 orcs
  A ball python (D:4)
  6 bats
  6 giant cockroaches
  10 goblins
  5 hobgoblins
  8 jackals
  4 kobolds
  3 quokkas
  5 frilled lizards
  4 rats
86 creatures vanquished.

Notes
Turn   | Place    | Note
-------+----------+-------------------------------------------
     0 | D:1      | KristoblXynda the Draconian Venom Mage began the quest for the Orb.
     0 | D:1      | Reached XP level 1. HP: 14/14 MP: 3/3
   270 | D:1      | Reached XP level 2. HP: 12/20 MP: 0/5
  1013 | D:1      | Reached skill level 1 in Conjurations
  1013 | D:1      | Reached XP level 3. HP: 26/26 MP: 1/6
  1148 | D:2      | Gained mutation: Your body sometimes deteriorates upon taking damage. [potion of mutation]
  1148 | D:2      | Gained mutation: You have sharp toenails. [potion of mutation]
  1148 | D:2      | Gained mutation: You have razor-sharp toenails. [potion of mutation]
  1149 | D:2      | Gained mutation: Your large and strong wings let you fly indefinitely. [potion of beneficial mutation]
  1366 | D:2      | Noticed Sigmund
  1399 | D:1      | Learned a level 3 spell: Mephitic Cloud
  1762 | D:2      | Reached XP level 4. HP: 32/33 MP: 5/8
  2402 | D:3      | Noticed Terence
  2429 | D:3      | Killed Terence
  2544 | D:3      | Noticed Ijyb
  2551 | D:3      | Killed Ijyb
  2551 | D:3      | Reached skill level 5 in Poison Magic
  2561 | D:3      | Gained mutation: Scrolls take you a little longer to read. [potion of mutation]
  2561 | D:3      | Gained mutation: You have a pair of small antennae on your head. [potion of mutation]
  2562 | D:3      | Gained mutation: You can translocate small distances at will. [potion of beneficial mutation]
  2726 | D:3      | Noticed nubinia's ghost (amateur TeVM)
  2780 | D:3      | Killed nubinia's ghost
  2780 | D:3      | Reached skill level 1 in Unarmed Combat
  2780 | D:3      | Reached XP level 5. HP: 13/38 MP: 8/10
  3642 | D:3      | Reached XP level 6. HP: 6/45 MP: 2/11
  3941 | D:4      | Found a staircase to the Ecumenical Temple.
  4519 | D:4      | Noticed Edmund
  4552 | D:4      | Killed Edmund
  4552 | D:4      | Your scales start taking on a dull iron-grey colour.
  4552 | D:4      | Reached XP level 7. HP: 37/50 MP: 0/13
  4552 | D:4      | Gained mutation: You can survive without breathing. [Grey Draconian growth]
  4603 | D:5      | Entered Level 5 of the Dungeon
  4615 | Temple   | Entered the Ecumenical Temple
  4935 | Temple   | Became a worshipper of Vehumet
  5252 | D:4      | Found Vuen's Gadget Emporium.
  5288 | D:4      | HP: 2/50 [poisoned by a scorpion]
  5290 | D:4      | Succumbed to a scorpion's poison

Vault maps used:
D:1:      saegor_arrival_simple_b
D:2:      uniq_sigmund
D:3:      serial_corexii_hall, corexii_hall_statues_deadend,
          corexii_hall_statues_l, first_bread, lightli_corner_chamber,
          uniq_terence, uniq_iyjb
D:4:      serial_shops, nicolae_shop_behind_doors, uniq_edmund
D:5:      serial_shops, nicolae_shop_competitors_out_of_business
Temple:   regret_index_temple_sigil_plot

Skill      XL: |  1  2  3  4  5  6  7 |
---------------+----------------------+-----
Conjurations   | 1 2 3 4 |  4.1
Spellcasting   | 3 4 |  4.6
Poison Magic   | 5 |  5.0
Unarmed Combat | 1 2 3 |  3.3
Dodging        | |  1.7
Stealth        | |  1.7

Action                   |  1- 3 |  4- 6 |  7- 9 || total
-------------------------+-------+-------+-------++-------
Melee: Unarmed           |    97 |   122 |    22 ||   241
       Kick              |     3 |    17 |     1 ||    21
       Tailslap          |     3 |    10 |     1 ||    14
 Cast: Sting             |    63 |    93 |     4 ||   160
       Mephitic Cloud    |       |     1 |       ||     1
  Use: Scroll            |     4 |     4 |       ||     8
       Potion            |     2 |     9 |       ||    11
 Stab: Sleeping          |     1 |     1 |     1 ||     3
       Confused          |       |     1 |       ||     1
  Eat: Chunk             |     3 |     5 |     1 ||     9
       Pizza             |       |     1 |       ||     1
       Bread ration      |       |     1 |       ||     1
       Meat ration       |       |       |     1 ||     1
Armor: Skin              |    39 |    72 |     8 ||   119
Dodge: Dodged            |    73 |    52 |     9 ||   134
